 Dungeon Crawl Stone Soup version 0.25.1-8-g42b30a86e7 (webtiles) character file.

Game seed: 16847156294550290298

133477 DildoBatman the Earth Mage (level 17, -16/128 HPs)
             Began as a Formicid Wizard on Dec 8, 2020.
             Was an Initiate of Gozag.
             Shot with a bolt by a naga sharpshooter (21 damage)
             ... on level 2 of the Snake Pit on Dec 9, 2020.
             The game lasted 02:15:52 (31842 turns).

DildoBatman the Earth Mage (Formicid Wizard)       Turns: 31842, Time: 02:15:52

Health: -16/128    AC: 16    Str: 17    XL:     17   Next: 72%
Magic:  18/44      EV: 15    Int: 25    God:    Gozag
Gold:   5300       SH: 11    Dex: 10    Spells: 16/44 levels left

rFire    . . .     SeeInvis +   b - +6 longbow (freeze)
rCold    + . .     Gourm    .   r - +0 kite shield
rNeg     + + .     Faith    .   o - +4 troll leather armour
rPois    +         Spirit   .   (helmet unavailable)
rElec    +         Reflect  .   L - +0 cloak "Cyjasuxt" {rElec rC+ rN++} (curse)
rCorr    .         Harm     .   M - +1 pair of gloves {Str+3}
MR       +....                  j - +0 pair of boots
Stlth    ++........             (no amulet)
HPRegen  0.71/turn              w - ring of magical power
MPRegen  0.29/turn              u - ring of the Octopus King {AC+1 EV+1 Str+1 Int+1 Dex+1 SInv}

@: gold aura
A: permanent stasis, dig shafts and tunnels, four strong arms, antennae 3,
poison resistance, subdued magic 1
a: Dig, Shaft Self, Potion Petition, Call Merchant, Bribe Branch, Renounce
Religion


You were on level 2 of the Snake Pit.
You worshipped Gozag.
Gozag was greatly pleased with you.
You were full.

You visited 5 branches of the dungeon, and saw 26 of its levels.
You also visited: Ice Cave and Volcano.

You collected 8295 gold pieces.
You spent 2217 gold pieces at shops.
You paid 778 gold pieces to Gozag.

Inventory:

Hand Weapons
 a - the +9 hand axe of Kusonge {protect, rPois Str+3}
   (You bought it in a shop on level 2 of the Orcish Mines)

   It grants its wielder temporary protection when it strikes (+7 to AC).
   It affects your strength (+3).
   It protects you from poison.
 b - a +6 longbow of freezing (weapon)
 d - a +4 lajatang of flaming
 T - a +6 demon trident
Missiles
 f - 231 bolts
 i - 11 javelins
 A - 2 throwing nets
 B - 173 sling bullets
 X - 799 arrows (quivered)
Armour
 j - a +0 pair of boots (worn)
 o - a +4 troll leather armour (worn)
 r - a +0 kite shield (worn)
 L - the cursed +0 cloak "Cyjasuxt" (worn) {rElec rC+ rN++}
   (You found it on level 11 of the Dungeon)

   It protects you from cold.
   It insulates you from electricity.
   It greatly protects you from negative energy.
   It has a curse placed upon it.
 M - a +1 pair of gloves of strength (worn)
Jewellery
 m - an uncursed ring of protection from cold
 u - a ring of the Octopus King (right hand) {AC+1 EV+1 Str+1 Int+1 Dex+1 SInv}
   (You found it in an ice cave)

   [ring of see invisible]

   It affects your AC (+1).
   It affects your evasion (+1).
   It affects your strength (+1).
   It affects your intelligence (+1).
   It affects your dexterity (+1).
   It lets you see invisible.
 w - a ring of magical power (left hand)
 O - an uncursed ring of resist corrosion
Wands
 q - a wand of acid (29)
 y - a wand of clouds (5)
 V - a wand of iceblast (4)
Scrolls
 c - 2 scrolls of acquirement {unknown}
 g - 2 scrolls of fear
 k - 2 scrolls of fog
 n - a scroll of enchant armour
 p - a scroll of silence {unknown}
 x - 12 scrolls of remove curse
 z - a scroll of vulnerability {unknown}
 C - 3 scrolls of magic mapping
 I - a scroll of holy word {unknown}
 J - 6 scrolls of amnesia
 Q - a scroll of summoning {unknown}
 U - 2 scrolls of immolation
 Y - a scroll of blinking {unknown}
Potions
 l - 4 potions of curing
 t - 3 potions of resistance
 D - a potion of cancellation
 G - 5 potions of flight
 K - 2 potions of magic
 N - 5 potions of ambrosia
 P - 5 potions of brilliance
 R - 3 potions of might
 Z - 3 potions of stabbing {unknown}
Miscellaneous
 h - a box of beasts
 H - a phantom mirror
Comestibles
 v - 33 rations


   Skills:
 - Level 10.0 Fighting
 - Level 0.6(1.0) Axes
 - Level 1.0(1.1) Polearms
 - Level 10.0 Armour
 - Level 7.0 Dodging
 - Level 2.4 Stealth
 - Level 9.0 Shields
 - Level 14.0 Spellcasting
 - Level 6.0 Conjurations
   Level 1.0 Summonings
 - Level 12.0 Necromancy
   Level 0.8 Translocations
 - Level 5.0 Fire Magic
 - Level 4.0 Air Magic
 * Level 16.3 Earth Magic
 - Level 4.0 Poison Magic
 - Level 6.0 Evocations


You had 16 spell levels left.
You knew the following spells:

 Your Spells              Type           Power        Failure   Level  Hunger
a - Conjure Flame         Conj/Fire      ####....     1%          3    None
b - Borgnjor's Vile Clut  Necr/Erth      ######....   1%          5    ##.....
c - Stone Arrow           Conj/Erth      ######       1%          3    None
d - Vampiric Draining     Necr           ######....   1%          3    None
e - Mephitic Cloud        Conj/Pois/Air  ####....     1%          3    None
f - Lee's Rapid Deconstr  Erth           ######....   1%          5    ##.....
h - Dispel Undead         Necr           ######..     1%          4    None
z - Sublimation of Blood  Necr           ######....   1%          2    None

Your spell library contained the following spells:

 Spells                   Type           Power        Failure   Level  Hunger
 Animate Skeleton         Necr           N/A          0%          1    None
 Pain                     Necr           ####         0%          1    None
 Apportation              Tloc           ###...       1%          1    None
 Magic Dart               Conj           ####         1%          1    None
 Summon Small Mammal      Summ           ###.         1%          1    None
 Corpse Rot               Necr/Air       N/A          1%          2    None
 Poisonous Vapours        Pois/Air       ####..       1%          2    None
 Searing Ray              Conj           #####.       1%          2    None
 Animate Dead             Necr           N/A          1%          4    None
 Leda's Liquefaction      Hex/Erth       #####.....   1%          4    None
 Agony                    Necr           ######..     1%          5    ##.....
 Corona                   Hex            ##.....      2%          1    None
 Call Imp                 Summ           ###.....     2%          2    None
 Dazzling Flash           Conj/Hex       ####..       2%          3    None
 Death Channel            Necr           ######....   3%          6    ####...
 Slow                     Hex            ##......     4%          2    None
 Call Canine Familiar     Summ           ###.....     6%          3    None
 Recall                   Summ/Tloc      N/A          6%          3    None
 Summon Guardian Golem    Hex/Summ       ###.....     7%          3    None
 Iskenderun's Mystic Bla  Conj/Tloc      ####....     7%          4    None
 Excruciating Wounds      Chrm/Necr      #####.....   7%          5    ##.....
 Portal Projectile        Hex/Tloc       ###...       8%          3    None
 Tukima's Dance           Hex            ##......     9%          3    None
 Fulminant Prism          Conj/Hex       ####......   9%          4    None
 Summon Lightning Spire   Summ/Air       ###.....     11%         4    None
 Summon Ice Beast         Ice/Summ       ###.....     26%         4    None
 Alistair's Intoxication  Tmut/Pois      ###.....     36%         5    ##.....
 Silence                  Hex/Air        ###.......   36%         5    ##.....
 Simulacrum               Ice/Necr       #####.....   38%         6    ####...
 Summon Forest            Summ/Tloc      ###.......   52%         5    ##.....
 Borgnjor's Revivificati  Necr           ######....   85%         8    #######
 Infestation              Necr           ######....   85%         8    #######
 Haunt                    Necr/Summ      #####.....   89%         7    ######.
 Eringya's Noxious Bog    Tmut/Pois      ###.......   92%         6    ####...
 Dispersal                Tloc           ###.......   98%         6    ####...
 Hydra Form               Tmut           ##........   99%         6    ####...
 Summon Hydra             Summ           ###.......   100%        7    ######.
 Death's Door             Chrm/Necr      #####.....   100%        8    #######
 Necromutation            Tmut/Necr      #####.....   100%        8    #######
 Blink                    Tloc           Unusable     N/A         2    N/A

Dungeon Overview and Level Annotations

Branches:
Dungeon (15/15)            Temple (1/1) D:7            Lair (6/6) D:9
  Swamp (0/4) Lair:2        Snake (2/4) Lair:2        Slime (0/5) Lair:5
    Orc (2/2) D:9             Elf (0/3) Orc:2        Vaults (0/5) D:13
 Depths (0/5) D:15          IceCv (visited)         Volcano (visited)

Altars:
Ashenzari
Cheibriados
Dithmenos
Elyvilon
Fedhas
Gozag
Hepliaklqana
Kikubaaqudgha
Makhleb
Nemelex Xobeh
Okawaru
Qazlal
Ru
Sif Muna
Trog
Uskayaw
Vehumet
Wu Jian
Xom
Yredelemnul
Zin
The Shining One
Beogh
Jiyva

Shops:
D:6 (   D:11 }   D:12 [   D:15 !   Orc:2 ([*:

Annotations:
Snake:1 passata's ghost, adept DECj


Innate Abilities, Weirdness & Mutations

You cannot be hasted, slowed, berserked, paralysed or teleported.
You can dig through walls and to a lower floor.
Your four strong arms can wield two-handed weapons with a shield.
You have a pair of large antennae on your head. (SInv)
Your system is resistant to poisons. (rPois)
Your spells are a little easier to cast, but a little less powerful.


Message History

The bolt hits you!!
A naga comes into view. It is wielding a +0 flail.
The naga sharpshooter spits poison at you.
The splash of poison hits you but does no damage.
You resist.
The naga struggles to escape constriction.
A naga warrior comes into view. It is wielding a +0 mace.
The zombie hands constrict the naga sharpshooter.
The zombie hands constrict the naga sharpshooter!
The zombie hands constrict the naga.
The naga sharpshooter casts a spell.
The naga sharpshooter magically shoots a bolt.
The bolt hits you!!
The naga sharpshooter gestures wildly while chanting.
The naga sharpshooter magically shoots an arrow.
The arrow hits you.
The naga sharpshooter shoots a bolt.
The bolt hits you!!
You die...
Your body crumbles into a pile of gold.

.......N... .....{(NS.
......NN. .NN...NN# .
####### $ #$# . #......
#.# .#.##...(.. $ #.#
#.#.##......
#(#####....##.<....
..###$@.##...####......
........................
......##..#.#.####......
......###.#.#.####......
.................###..##
.#..###..........#...##
##. ##.........#.### .
#............##
................##


You could see a naga warrior, 3 naga sharpshooters and a naga (clutched).

Vanquished Creatures
  Kirke (D:14)
  A frost giant (IceCv)
  3 orc warlords
  A red draconian (Volcano)
  2 fire dragons
  2 ogre magi
  Josephine (D:11)
  The ghost of kthxbai the Archer, a journeyman CeHu of Okawaru (D:9)
  Fannar (D:11)
  A naga warrior (Snake:1)
  A rakshasa (D:15)
  Erolcha (D:11)
  6 catoblepae
  4 hydras
  An alligator (shapeshifter) (D:15)
  4 two-headed ogres (Volcano)
  5 anacondas (Snake:1)
  6 death yaks
  6 centaur warriors
  Urug (Lair:2)
  4 orc high priests
  4 shock serpents
  A naga sharpshooter (Snake:1)
  Sonja (D:12)
  Nergalle (D:11)
  2 unseen horrors (D:13)
  A skeletal warrior (D:13)
  2 naga ritualists (Snake:1)
  A deep elf archer (D:13)
  A glowing orange brain (D:15)
  6 orc knights
  2 wizards
  A wolf spider zombie (D:13)
  4 salamanders
  7 ugly things
  2 deep elf magi (D:13)
  4 orc sorcerers
  A cyclops (shapeshifter) (D:14)
  5 manticores
  2 oklob plants (Lair:5)
  A wolf spider (shapeshifter) (D:15)
  3 mana vipers (Snake:1)
  4 cyclopes
  5 elephants (Lair:4)
  23 black mambas
  A moth of wrath (D:2)
  Maurice (D:13)
  An orange demon (D:10)
  An ice statue (IceCv)
  A guardian serpent (Snake:1)
  4 naga magi (Snake:1)
  A torpor snail (Lair:2)
  9 spiny frogs
  2 molten gargoyles (Volcano)
  5 rime drakes
  7 komodo dragons
  4 yaktaurs (D:13)
  2 kobold demonologists (D:15)
  2 red devils (D:10)
  8 trolls
  21 polar bears
  A hydra skeleton (D:13)
  A tyrant leech (Lair:2)
  8 blink frogs
  Prince Ribbit (D:9)
  3 slime creatures (D:15)
  10 hippogriffs
  2 centaur simulacra (D:12)
  5 wraiths
  A shadow (D:14)
  2 fire dragon skeletons
  A spriggan (D:9)
  2 vampires
  5 wyverns
  86 yaks
  4 hogs (D:14)
  4 vampire mosquitoes (Lair:5)
  2 basilisks (D:9)
  2 fire bats (Volcano)
  2 hungry ghosts
  2 human zombies
  A swamp worm (Lair:2)
  3 wargs
  2 insubstantial wisps (Lair:5)
  14 nagas
  An acid dragon (D:13)
  12 water moccasins
  An ogre zombie (D:13)
  Duvessa (D:4)
  6 sky beasts
  39 orc warriors
  A swamp drake (D:9)
  9 ice beasts
  11 porcupines
  A human skeleton (D:12)
  A phantom (D:5)
  5 black bears
  2 manticore zombies (D:13)
  3 boggarts (D:14)
  A necrophage (D:9)
  20 wolves
  13 ogres
  An elf zombie (D:13)
  22 centaurs
  12 crocodiles
  An elf skeleton (D:14)
  2 orc skeletons (D:14)
  A wyvern zombie (D:11)
  3 big kobolds
  17 bullfrogs
  A gnoll sergeant (D:13)
  Dowan (D:4)
  3 cyclops zombies
  2 cyclops skeletons (D:14)
  A hornet simulacrum (D:12)
  2 scorpions
  13 killer bees
  25 wights
  5 electric eels
  A howler monkey (D:3)
  5 crimson imps
  5 lava snakes (Volcano)
  5 centaur zombies
  A basilisk zombie (D:13)
  5 jellies
  6 hounds
  24 orc priests
  A bullfrog skeleton (D:13)
  A basilisk skeleton (D:13)
  11 centaur skeletons
  2 iguanas (D:10)
  Ijyb (D:4)
  34 orc wizards
  7 worker ants
  2 hell rats (D:8)
  A killer bee zombie (D:12)
  A big kobold zombie (D:12)
  A bullfrog simulacrum (D:12)
  2 sky beast zombies
  An acid dragon zombie (D:12)
  2 hound skeletons
  3 worker ant zombies
  A howler monkey zombie (D:13)
  2 howler monkey skeletons
  20 gnolls
  9 river rats (D:8)
  12 adders
  6 shadow imps
  3 white imps (D:12)
  6 ufetubi (D:12)
  3 adder zombies
  An iguana zombie (D:13)
  2 oozes (D:1)
  2 adder skeletons
  6 worms
  2 leopard geckos
  56 orcs
  7 bats
  A bat zombie (D:11)
  4 giant cockroaches
  2 goblins
  8 hobgoblins
  5 jackals
  8 quokkas
  3 ball pythons
  A ball python skeleton (D:4)
  7 frilled lizards
  A frilled lizard zombie (D:11)
  A giant cockroach zombie (D:5)
  A goblin skeleton (D:12)
  2 goblin zombies
  3 jackal zombies
  19 kobolds
  5 orc zombies
  A quokka skeleton (D:4)
  27 rats
  A rat zombie (D:13)
  2 fungi
  9 plants
981 creatures vanquished.

Vanquished Creatures (collateral kills)
  A killer bee (D:10)
  An orc wizard (Orc:1)
2 creatures vanquished.

Vanquished Creatures (others)
  Asterion (Snake:1)
  A dancing weapon (D:9)
  A black mamba (Snake:2)
  A hippogriff (D:12)
  2 orc warriors
  A lava snake (Volcano)
  An orc wizard (Orc:2)
  9 fungi
  4 plants
  4 toadstools (D:1)
25 creatures vanquished.

Grand Total: 1008 creatures vanquished

Notes
Turn   | Place    | Note
-------+----------+-------------------------------------------
     0 | D:1      | DildoBatman the Formicid Wizard began the quest for the
                  | Orb.
     0 | D:1      | Reached XP level 1. HP: 13/13 MP: 4/4
    11 | D:1      | Reached skill level 1 in Conjurations
   264 | D:1      | Reached XP level 2. HP: 19/19 MP: 3/6
   583 | D:1      | Reached XP level 3. HP: 24/24 MP: 5/7
   588 | D:1      | Learned a level 3 spell: Conjure Flame
   592 | D:1      | Learned a level 3 spell: Mephitic Cloud
  1214 | D:2      | Reached XP level 4. HP: 30/30 MP: 2/8
  1558 | D:2      | Noticed a moth of wrath
  1561 | D:2      | Found a bloodstained altar of Trog.
  1875 | D:2      | Reached XP level 5. HP: 27/35 MP: 0/9
  2228 | D:3      | Found an iron altar of Okawaru.
  3087 | D:2      | Reached XP level 6. HP: 22/41 MP: 6/10
  3224 | D:3      | Reached skill level 1 in Poison Magic
  3381 | D:4      | Noticed an ogre
  3391 | D:3      | Reached skill level 1 in Fire Magic
  3524 | D:4      | Noticed an ogre
  3589 | D:4      | Killed an ogre
  3589 | D:4      | Reached skill level 5 in Conjurations
  3589 | D:4      | Reached skill level 1 in Air Magic
  3695 | D:4      | Reached XP level 7. HP: 46/46 MP: 1/11
  3771 | D:4      | Noticed Dowan
  3925 | D:4      | Got a twisted leather armour
  3936 | D:4      | Identified the +1 leather armour "Caliuwaj" {-Tele rPois
                  | Regen+ SInv} (You found it on level 4 of the Dungeon)
  4119 | D:4      | Reached skill level 1 in Fighting
  4119 | D:4      | Reached skill level 1 in Polearms
  4300 | D:4      | Found an opulent altar of Gozag.
  4431 | D:4      | Reached skill level 1 in Armour
  4431 | D:4      | Reached skill level 1 in Shields
  4505 | D:5      | Entered Level 5 of the Dungeon
  4512 | D:4      | Reached XP level 8. HP: 25/54 MP: 9/13
  4571 | D:5      | Noticed Ijyb
  5072 | D:5      | Got a heavily runed leather armour
  5083 | D:5      | Identified the +3 leather armour of Distant Worlds {Str+5
                  | Dex+3} (You found it on level 5 of the Dungeon)
  5682 | D:6      | Found Momebbu's Weapon Shoppe.
  5819 | D:6      | Got an emerald-encrusted leather armour
  5831 | D:6      | Identified the +1 leather armour "Uraerr" {MP+9 Str+2} (You
                  | found it on level 6 of the Dungeon)
  5910 | D:6      | Reached XP level 9. HP: 47/62 MP: 8/15
  6570 | D:7      | Found a staircase to the Ecumenical Temple.
  6576 | Temple   | Entered the Ecumenical Temple
  6855 | Temple   | Became a worshipper of Kikubaaqudgha
  7176 | D:7      | Reached skill level 1 in Necromancy
  7294 | D:7      | Noticed a hippogriff
  7302 | D:7      | Killed a hippogriff
  7302 | D:7      | Reached skill level 5 in Spellcasting
  7968 | D:4      | Killed Ijyb
  7973 | D:4      | Noticed Duvessa
  7993 | D:4      | Killed Duvessa
  8025 | D:4      | Killed Dowan
  8315 | D:8      | Reached skill level 5 in Fire Magic
  8441 | D:8      | Reached XP level 10. HP: 66/70 MP: 2/18
  8678 | D:8      | Reached * piety under Kikubaaqudgha
  8678 | D:8      | Identified Kikubaaqudgha's Volume of Unholy Rites
                  | (Kikubaaqudgha gifted it to you on level 8 of the Dungeon)
  8678 | D:8      | Received a gift from Kikubaaqudgha
  8683 | D:8      | Learned a level 2 spell: Sublimation of Blood
  8687 | D:8      | Learned a level 3 spell: Vampiric Draining
  9004 | D:8      | Reached skill level 5 in Necromancy
  9791 | D:9      | Reached ** piety under Kikubaaqudgha
 10214 | D:9      | Found a staircase to the Lair.
 10215 | D:9      | Noticed Prince Ribbit
 10244 | D:9      | Killed Prince Ribbit
 10244 | D:9      | Reached XP level 11. HP: 75/75 MP: 10/21
 10446 | D:9      | Reached *** piety under Kikubaaqudgha
 10446 | D:9      | Identified Kikubaaqudgha's Guide on Black Magic
                  | (Kikubaaqudgha gifted it to you on level 9 of the Dungeon)
 10446 | D:9      | Received a gift from Kikubaaqudgha
 10453 | D:9      | Learned a level 4 spell: Dispel Undead
 10863 | D:9      | Found a staircase to the Orcish Mines.
 11139 | D:10     | Entered Level 10 of the Dungeon
 11142 | D:10     | Noticed a centaur warrior
 11159 | D:9      | Killed a centaur warrior
 11258 | D:10     | Reached skill level 5 in Armour
 11261 | D:10     | Reached skill level 5 in Fighting
 11388 | D:10     | Found a sacrificial altar of Ru.
 11521 | D:10     | Reached **** piety under Kikubaaqudgha
 11769 | D:10     | Noticed a purple ugly thing
 11830 | D:10     | Killed a purple ugly thing
 12032 | Orc:1    | Entered Level 1 of the Orcish Mines
 12032 | Orc:1    | Found a runed translucent door.
 12032 | Orc:1    | Found a shimmering altar of Xom.
 12032 | Orc:1    | Noticed a +4 halberd of chaos
 12032 | Orc:1    | Noticed kthxbai's ghost (journeyman CeHu)
 12116 | Orc:1    | Found a roughly hewn altar of Beogh.
 12242 | Orc:1    | Noticed an orc warlord
 12599 | Orc:1    | Reached skill level 5 in Dodging
 12603 | Orc:1    | Reached XP level 12. HP: 56/89 MP: 11/22
 12712 | Orc:1    | Noticed a soul eater
 13047 | Orc:1    | Found a roughly hewn altar of Beogh.
 13048 | Orc:1    | Noticed an orc high priest
 13063 | Orc:1    | Killed an orc high priest
 13373 | Orc:2    | Entered Level 2 of the Orcish Mines
 13377 | Orc:2    | Found a staircase to the Elven Halls.
 13385 | Orc:2    | Noticed an orc warlord
 13482 | Orc:2    | Found a dark tunnel.
 13507 | Orc:2    | Reached skill level 5 in Shields
 13531 | Volcano  | Entered a volcano
 13552 | Volcano  | Reached ***** piety under Kikubaaqudgha
 14034 | Volcano  | Found a burning altar of Makhleb.
 14034 | Volcano  | Noticed a two-headed ogre
 14034 | Volcano  | Noticed an ogre mage
 14034 | Volcano  | Noticed a two-headed ogre
 14034 | Volcano  | Noticed a two-headed ogre
 14055 | Volcano  | Killed a two-headed ogre
 14057 | Volcano  | Noticed a red draconian
 14071 | Volcano  | Killed a two-headed ogre
 14072 | Volcano  | Killed a two-headed ogre
 14074 | Volcano  | Killed an ogre mage
 14167 | Volcano  | Killed a red draconian
 14257 | Volcano  | Noticed a two-headed ogre
 14272 | Volcano  | Killed a two-headed ogre
 14272 | Volcano  | Reached XP level 13. HP: 97/98 MP: 20/23
 14285 | Volcano  | Learned a level 4 spell: Animate Dead
 14568 | Orc:1    | Reached skill level 5 in Evocations
 14977 | Orc:2    | Found Bachip's Book Boutique.
 15078 | Orc:2    | Found Teasuss's General Store.
 15153 | Orc:2    | Killed an orc warlord
 15246 | Orc:2    | Found a bloodstained altar of Trog.
 15341 | Orc:2    | Found Jekan's Antique Armour Boutique.
 15431 | Orc:2    | Found Etzup's Antique Weapon Boutique.
 15465 | Orc:2    | Noticed an orc warlord
 15981 | Orc:2    | Bought a fine hand axe for 208 gold pieces
 15982 | Orc:2    | Identified the +9 hand axe of Kusonge {protect, rPois
                  | Str+3} (You bought it in a shop on level 2 of the Orcish
                  | Mines)
 16662 | D:11     | Noticed Erolcha
 16674 | D:11     | Killed Erolcha
 16955 | D:11     | Noticed Josephine
 16974 | D:11     | Killed Josephine
 16982 | D:11     | Reached skill level 10 in Armour
 17012 | D:11     | Reached skill level 10 in Fighting
 17045 | D:11     | Noticed Fannar
 17065 | D:11     | Killed Fannar
 17065 | D:11     | Reached XP level 14. HP: 79/110 MP: 0/24
 17204 | D:11     | Noticed Nergalle
 17240 | D:11     | Killed Nergalle
 17273 | D:11     | Reached ****** piety under Kikubaaqudgha
 17275 | D:11     | Received a gift from Kikubaaqudgha
 17276 | D:11     | Fell from the grace of Kikubaaqudgha
 17453 | Temple   | Became a worshipper of Gozag Ym Sagoz the Greedy
 17582 | D:11     | Found Vuha's Gadget Boutique.
 17643 | D:11     | Found a transporter.
 17646 | D:11     | Found a roughly hewn altar of Beogh.
 17646 | D:11     | Found a transporter.
 18200 | D:11     | Got a faintly glowing cloak
 18564 | D:12     | Reached skill level 10 in Necromancy
 18733 | D:12     | Noticed Sonja
 18747 | D:12     | Killed Sonja
 18780 | D:12     | Found Luamo's Armour Shoppe.
 18956 | D:12     | Identified the cursed +0 cloak "Cyjasuxt" {rElec rC+ rN++}
                  | (You found it on level 11 of the Dungeon)
 19134 | D:12     | Identified the +5 ring mail of Understanding {+Blink}
 19650 | D:13     | Noticed Maurice
 19670 | D:13     | Killed Maurice
 20330 | D:13     | Reached skill level 10 in Spellcasting
 20390 | D:13     | Found a gate to the Vaults.
 20875 | D:14     | Learned a level 3 spell: Stone Arrow
 20971 | D:14     | Noticed Kirke
 21094 | D:14     | Reached skill level 1 in Earth Magic
 21266 | D:14     | Reached XP level 15. HP: 31/115 MP: 7/29
 21273 | D:14     | Reached skill level 2 in Earth Magic
 21421 | D:14     | Was forgiven by Kikubaaqudgha
 21721 | D:14     | Killed Kirke
 21753 | D:15     | Entered Level 15 of the Dungeon
 21996 | D:15     | Reached skill level 3 in Earth Magic
 22088 | D:15     | Found Avarphiot's Distillery.
 22103 | D:15     | Bought a potion of curing for 39 gold pieces
 22103 | D:15     | Bought a potion of resistance for 130 gold pieces
 22103 | D:15     | Bought a potion of heal wounds for 65 gold pieces
 22103 | D:15     | Bought a potion of heal wounds for 65 gold pieces
 22103 | D:15     | Bought a potion of heal wounds for 65 gold pieces
 22248 | D:14     | Reached skill level 4 in Earth Magic
 22577 | D:15     | Reached skill level 5 in Earth Magic
 22882 | D:15     | Reached skill level 6 in Earth Magic
 22930 | D:15     | Identified the Handbook of Contamination and the Mountains
 23002 | D:15     | Found a staircase to the Depths.
 23279 | Orc:1    | You fall into a shaft and drop 1 floor!
 23318 | Orc:2    | Bought a book of Unlife for 1105 gold pieces
 23324 | Orc:2    | Learned a level 5 spell: Borgnjor's Vile Clutch
 23405 | Orc:1    | Killed an orc warlord
 23405 | Orc:1    | Reached skill level 7 in Earth Magic
 23445 | D:9      | Killed kthxbai's ghost
 23445 | D:9      | Reached skill level 8 in Earth Magic
 23464 | Orc:1    | Got a topaz-encrusted plate armour
 23475 | Orc:1    | Identified the +3 plate armour of Lugonu's Reproof {rC+++
                  | Str-5 Dex-2 SInv} (You found it on level 1 of the Orcish
                  | Mines)
 23571 | D:9      | Killed an orc warlord
 23840 | Lair:1   | Entered Level 1 of the Lair of Beasts
 23861 | Lair:1   | Found an iron altar of Okawaru.
 23937 | Lair:1   | Reached skill level 9 in Earth Magic
 24032 | Lair:1   | Found a frozen archway.
 24041 | IceCv    | Entered an ice cave
 24307 | IceCv    | Reached XP level 16. HP: 76/122 MP: 9/31
 24371 | IceCv    | Reached skill level 10 in Earth Magic
 24436 | IceCv    | Noticed a frost giant
 24450 | IceCv    | Killed a frost giant
 24486 | IceCv    | Found the ring of the Octopus King
 24489 | IceCv    | Got a ring of the Octopus King
 24725 | Lair:1   | Identified a ring of the Octopus King {AC+1 EV+1 Str+1
                  | Int+1 Dex+1 SInv} (You found it in an ice cave)
 25181 | Lair:2   | Noticed Urug
 25191 | Lair:2   | Killed Urug
 25290 | Lair:2   | Found a staircase to the Snake Pit.
 25341 | Lair:2   | Reached skill level 11 in Earth Magic
 25406 | Lair:2   | Found a staircase to the Swamp.
 25439 | Lair:2   | You fall into a shaft and drop 1 floor!
 27143 | Lair:4   | Reached skill level 12 in Earth Magic
 27711 | Lair:5   | Identified the Almanac of the Unstable Oath
 27900 | Lair:5   | Gained mutation: Your spells are a little easier to cast,
                  | but a little less powerful. [potion of mutation]
 27900 | Lair:5   | Gained mutation: Your system is resistant to poisons.
                  | (rPois) [potion of mutation]
 27926 | Lair:5   | Found a staircase to the Slime Pits.
 27927 | Lair:5   | Found a viscous altar of Jiyva.
 28561 | Lair:6   | Entered Level 6 of the Lair of Beasts
 28887 | Lair:6   | Reached XP level 17. HP: 79/128 MP: 3/35
 28887 | Lair:6   | Reached skill level 13 in Earth Magic
 29836 | Orc:2    | Bought a shimmering troll leather armour for 540 gold
                  | pieces
 29846 | Orc:2    | Identified the +3 troll leather armour of the Evening Star
                  | {rElec Regen+ SInv Stlth+} (You bought it in a shop on
                  | level 2 of the Orcish Mines)
 29931 | D:9      | Learned a level 5 spell: Lee's Rapid Deconstruction
 29977 | Snake:1  | Entered Level 1 of the Snake Pit
 29989 | Snake:1  | Reached skill level 14 in Earth Magic
 30352 | Snake:1  | Found a transporter.
 30353 | Snake:1  | Noticed passata's ghost (adept DECj)
 30364 | Snake:1  | Found a transporter.
 30404 | Snake:1  | Reached skill level 15 in Earth Magic
 30841 | Snake:1  | Noticed Asterion
 30860 | Snake:1  | HP: 5/128 [Asterion/+4 demon whip of freezing (38)]
 30860 | Snake:1  | HP: 1/128 [Asterion/+4 demon whip of freezing (2)]
 30862 | Snake:1  | Killed Asterion
 31617 | Snake:1  | Reached skill level 16 in Earth Magic
 31842 | Snake:2  | HP: 6/128 [naga sharpshooter/bolt (23)]
 31842 | Snake:2  | Shot with a bolt by a naga sharpshooter

Illustrated notes

Levels and vault maps discovered:
D:1:      heliophobic_arrival_henge, layout_rooms, minmay_gold_behind_fungi
D:2:      layout_loops_ring, tgw_trog, minmay_close_crescents
D:3:      layout_rooms, hangedman_decor_points, okawaru_trees_2
D:4:      layout_loops_ring, serial_glass, glass_columns_b, glass_columns_c,
          grunt_ministairs_2, nicolae_gozag_cash_rules_everything_around_me,
          uniq_duvessa
D:5:      layout_loops_ring, first_ration, uniq_ijyb
D:6:      minmay_evil_eye, layout_loops_ring, serial_shops, kennysheep_mini
D:7:      layout_basic, minmay_temple_entry_proselytizer
D:8:      lemuel_ratsnest, layout_loops_cross
D:9:      layout_roguey, minmay_lair_entry_grove, erik_orc_1, the_bakery,
          kennysheep_crisscross, uniq_prince_ribbit1
D:10:     minmay_diamond_stairs, layout_cave_pools, basic_altar,
          chequers_serial_rivers_room_b, minmay_beelzebubs_servants
D:11:     gammafunk_beogh_shrine, layout_basic, serial_shops,
          nicolae_shop_competitors_out_of_business, uniq_josephine,
          uniq_nergalle, uniq_fannar, uniq_erolcha
D:12:     layout_irregular_city, serial_shops, shop_statue, serial_ice,
          serial_ice_f, serial_ice_h, serial_ice_c, serial_ice_e, serial_ice_d,
          serial_ice_a, serial_ice_b, serial_ice_m, serial_ice_o, serial_ice_i,
          uniq_sonja
D:13:     layout_roguey, hangedman_vaults_entry_quadrant_bands, uniq_maurice
D:14:     layout_basic, serial_park_gazebo [serial_park_minivault_5x5_6],
          uniq_kirke
D:15:     gammafunk_enter_depths_forms, layout_rooms, palyth_stone_intersect,
          serial_shops, shop
Temple:   roderic_octagonal_lattice_temple
Lair:1:   layout_concentric_octagons, portal_ice_cave_rime, minivault_26,
          lemuel_altar_in_water2, infiniplex_staircase_pool_2
Lair:2:   layout_hall_layers, minmay_swamp_entry_worms,
          minmay_snake_entry_guardpost_small, serial_bayou_shore_b, uniq_urug
Lair:3:   layout_cave_pods, serial_bayou_shore_b
Lair:4:   layout_regular_city, st_stairs_8, serial_bayou_ford_a,
          nicolae_lair_yak_garden, serial_bayou_shore_a,
          infiniplex_staircase_pool, lemuel_fruit_tree
Lair:5:   layout_roguey, slime_altar_1, pond, minmay_lair_oklob_chamber
Lair:6:   evilmike_catoblepas_cave, layout_concentric_octagons
Snake:1:  layout_layer_cave, gammafunk_ghost_berserking_beasts, st_stairs_6,
          grunt_megastairs_4, uniq_asterion
Snake:2:  layout_rooms, uniq_aizul
Orc:1:    orc_temple, layout_diamond_mine, basic_altar, ebering_ghost_xom
Orc:2:    grunt_orc_gardens, layout_caves, grunt_orc_garden, grunt_orc_garden,
          grunt_orc_garden, grunt_orc_garden, nicolae_volcano_entry_lava_flow,
          basic_altar

Skill      XL: |  1  2  3  4  5  6  7  8  9 10 11 12 13 14 15 16 17 |
---------------+----------------------------------------------------+-----
Conjurations   | 1 2 3 4 5 6 |  6.0
Poison Magic   | 2 3 4 |  4.0
Fire Magic     | 1 2 3 5 |  5.0
Air Magic      | 1 2 4 |  4.0
Fighting       | 1 2 3 6 8 10 | 10.0
Polearms       | 1 |  1.0
Armour         | 1 2 3 6 8 10 | 10.0
Shields        | 1 2 3 6 9 |  9.0
Spellcasting   | 4 5 7 10 11 14 | 14.0
Necromancy     | 3 8 9 11 12 | 12.0
Dodging        | 5 6 7 |  7.0
Evocations     | 4 6 |  6.0
Earth Magic    | 1 9 12 16 | 16.3
Axes           | |  0.6
Stealth        | |  2.4
Summonings     | |  1.0
Translocations | |  0.8

Action                   |  1- 3 |  4- 6 |  7- 9 | 10-12 | 13-15 | 16-18 || total
-------------------------+-------+-------+-------+-------+-------+-------++-------
Melee: Short sword       |    17 |     1 |       |       |       |       ||    18
       Dagger            |       |     3 |    14 |    13 |       |       ||    30
       Spear             |       |       |   380 |   152 |       |       ||   532
       Halberd           |       |       |       |   514 |   133 |       ||   647
       Hand axe          |       |       |       |       |  1046 |   386 ||  1432
       Demon trident     |       |       |       |       |    11 |       ||    11
       Lajatang          |       |       |       |       |     2 |     4 ||     6
       Unarmed           |       |       |       |       |     1 |       ||     1
 Fire: Hunting sling     |       |    65 |       |    22 |       |       ||    87
       Shortbow          |       |       |       |       |     6 |       ||     6
       Longbow           |       |       |       |       |       |    13 ||    13
Throw: Stone             |     1 |       |       |       |       |       ||     1
       Javelin           |       |       |       |     4 |       |       ||     4
 Cast: Magic Dart        |    70 |   107 |    64 |    36 |     6 |       ||   283
       Mephitic Cloud    |       |     8 |    38 |    93 |   130 |     3 ||   272
       Conjure Flame     |       |     1 |    29 |    70 |    84 |     7 ||   191
       Dispel Undead     |       |       |       |     6 |    27 |       ||    33
       Vampiric Draining |       |       |       |    11 |    57 |    10 ||    78
       Sublimation of Bl |       |       |       |     5 |    11 |     9 ||    25
       Animate Dead      |       |       |       |       |     4 |       ||     4
       Borgnjor's Vile C |       |       |       |       |    29 |   187 ||   216
Invok: Receive Necronomi |       |       |       |       |     1 |       ||     1
       Renounce Religion |       |       |       |       |     1 |       ||     1
 Abil: Dig               |     1 |     7 |    18 |    45 |    87 |    18 ||   176
       Shaft Self        |       |       |       |       |     1 |       ||     1
Evoke: Wand              |       |       |       |       |    17 |       ||    17
  Use: Scroll            |       |     1 |     5 |     6 |     7 |    20 ||    39
       Potion            |       |       |       |       |     6 |     6 ||    12
 Stab: Sleeping          |     1 |       |     2 |     1 |       |     1 ||     5
       Confused          |       |     1 |    17 |    32 |    48 |     1 ||    99
       Distracted        |       |       |       |     2 |     4 |     3 ||     9
       Petrified         |       |       |       |       |       |     7 ||     7
  Eat: Chunk             |     1 |     8 |    22 |    25 |    17 |       ||    73
       Ration            |       |       |       |     1 |    10 |    12 ||    23
Armor: Robe              |    15 |    10 |       |       |       |       ||    25
       Leather armour    |       |       |    51 |    36 |       |       ||    87
       Troll leather arm |       |       |       |    22 |   475 |   253 ||   750
       Skin              |       |       |       |       |    73 |       ||    73
Dodge: Dodged            |    32 |    34 |    95 |   213 |   777 |   374 ||  1525
Block: Buckler           |       |       |    25 |    73 |   300 |   133 ||   531
       Kite shield       |       |       |       |       |       |    45 ||    45
